 Dungeon Crawl Stone Soup version 0.28-a0-1234-g826d19b2e0 (webtiles) character file.

Game seed: 7031809516643712746

49 dr0g0th the Skirmisher (level 3, -5/31 HPs)
             Began as a Palentonga Fighter on Dec 23, 2021.
             Killed from afar by Sigmund (9 damage)
             ... with a magic dart
             ... on level 2 of the Dungeon.
             The game lasted 00:02:07 (1619 turns).

dr0g0th the Skirmisher (Palentonga Fighter)         Turns: 1619, Time: 00:02:08

Health: -5/31      AC:  6    Str: 24 (27) XL:     3   Next: 53%
Magic:  3/3        EV:  7    Int:  7 (8)  God:
Gold:   29         SH:  5    Dex:  7 (9)  Spells: 2/2 levels left

rFire   . . .      SeeInvis +   a - +0 long sword
rCold   . . .      Faith    .   c - +1 buckler
rNeg    . . .      Spirit   .   b - +0 scale mail
rPois   .          Reflect  .   (no helmet)
rElec   .          Harm     .   (no cloak)
rCorr   .          Rampage  .   (no gloves)
Will    .....                   (no barding)
Stlth   ..........              (no amulet)
HPRegen 0.10/turn               d - +6 ring of strength
MPRegen 0.08/turn               (no ring)

@: no status effects
A: large, rugged brown scales 3, see invisible, deformed body, roll 1, armoured
tail
a: Rolling Charge


You were on level 2 of the Dungeon.
You visited 1 branch of the dungeon, and saw 3 of its levels.

You collected 29 gold pieces.

Inventory:

Hand Weapons
 a - a +0 long sword (weapon)
Armour
 b - a +0 scale mail (worn)
 c - a +1 buckler (worn)
Jewellery
 d - a +6 ring of strength (left hand)
Potions
 e - a potion of heal wounds {unknown}
 f - a potion of degeneration


   Skills:
 + Level 3.2 Fighting
 + Level 2.2 Long Blades
 + Level 3.1 Armour
 + Level 2.9 Shields


You had 2 spell levels left.
You didn't know any spells.
Your spell library was empty.

Dungeon Overview and Level Annotations

Branches:
Dungeon (3/15)

Altars:

Annotations:
D:2 Sigmund


Innate Abilities, Weirdness & Mutations

You are completely covered in rugged brown scales. (AC +3, +7% HP)
You have supernaturally acute eyesight. (SInv)
Armour fits poorly on your strangely shaped body.
You can roll at nearby foes to attack.
You have a long armoured tail.


Message History

You completely miss the bat. You block the bat's attack.
The bat barely misses you. The bat completely misses you.
You hit the bat.
Your tail-slap misses the bat.
The bat is almost dead.
The bat closely misses you. The bat hits you but does no damage.
You hit the bat.
You kill the bat!
No target in view!
No target in view!
Sigmund is nearby!
Sigmund is nearby!
Sigmund is nearby!
Found 2 potions of degeneration.
Found an escape hatch in the floor.
Roll where?
Press: ? - help, Dir - move target, f - Sigmund
Aim: Sigmund, wielding a +0 scythe and wearing a +0 robe You roll forward with a clatter of scales!
You hit Sigmund.
Sigmund is lightly wounded.
Sigmund hits you with a +0 scythe.
You closely miss Sigmund. You tail-slap Sigmund.
Sigmund is moderately wounded.
Sigmund hits you with a +0 scythe!
You closely miss Sigmund.
Sigmund is moderately wounded.
Sigmund hits you with a +0 scythe!
You are too injured to fight recklessly!
You are too injured to fight recklessly!
You hit Sigmund but do no damage.
Sigmund is moderately wounded.
Sigmund hits you with a +0 scythe.
* * * LOW HITPOINT WARNING * * *
You slash Sigmund!
Sigmund is heavily wounded.
You slash Sigmund!
Sigmund is almost dead.
Sigmund casts a spell at you. The magic dart hits you!
You die...

#..................†......
###...........#...@.........
##.............#...#.........
*#............#....#.>##......
*.......†............###......
*..........[......###* ##.....
*.................# **#......
*.............##..####........
*....(.......@.......#.###....
*#...........@........,* ##...
*....................,,* ####
*,...................,,*
*,,..................,,*
*,,,....!....>.......,,*
*,,,,................,,*
**,,,,...#...........,**
**,,,,,***,,,,,,,,,,**


You could see Sigmund.

Vanquished Creatures
  Jessica (D:2)
  A dart slug (D:1)
  3 endoplasms (D:1)
  A giant cockroach (D:1)
  2 goblins (D:1)
  2 hobgoblins (D:1)
  3 kobolds
  A quokka (D:2)
  2 ball pythons
  2 bats (D:2)
  2 rats
20 creatures vanquished.

Notes
Turn   | Place    | Note
-------+----------+-------------------------------------------
     0 | D:1      | dr0g0th the Palentonga Fighter began the quest for the Orb.
     0 | D:1      | Reached XP level 1. HP: 19/19 MP: 1/1
    79 | D:1      | Found a faded altar of an unknown god.
   214 | D:1      | Reached XP level 2. HP: 15/25 MP: 2/2
   970 | D:2      | Noticed Jessica
   977 | D:2      | Killed Jessica
   978 | D:2      | Reached XP level 3. HP: 10/31 MP: 3/3
  1309 | D:2      | Noticed Sigmund
  1324 | D:3      | Noticed a phantom
  1619 | D:2      | Killed from afar by Sigmund

Illustrated notes

Levels and vault maps discovered:
D:1:      heliophobic_arrival_ceremonial_halls, layout_basic,
          ebering_ecumenical_altar_abandoned
D:2:      layout_rooms, uniq_jessica, uniq_sigmund
D:3:      layout_basic, serial_shops, shop, cheibrodos_gnoll_hut

Skill      XL: |  1  2 |
---------------+-------+-----
Armour         | 3 |  3.1
Fighting       | |  3.2
Long Blades    | |  2.2
Shields        | |  2.9

Action                   || total
-------------------------++-------
Melee: Long sword        ||    67
       Tailslap          ||     2
 Abil: Rolling Charge    ||     4
  Use: Potion            ||     4
       Scroll            ||     6
Armor: Scale mail        ||    39
Dodge: Dodged            ||    28
Block: Buckler           ||    13

Table legend: (Time is in decaauts)
 A = Elapsed time spent in this place.
 B = Non-inter-level travel time spent in this place.
 C = Inter-level travel time spent in this place.
 D = Time resting spent in this place.
 E = Time spent auto-exploring this place.
 F = Levels seen in this place.
 G = Mean time per level.
                   A        B        C        D        E       F      G
               +--------+--------+--------+--------+--------+-----+--------+
         Total |   1637 |   1619 |     18 |    599 |    815 |   3 |  545.7 |
       Dungeon |   1637 |   1619 |     18 |    599 |    815 |   3 |  545.7 |
               +--------+--------+--------+--------+--------+-----+--------+

Top non-repeatable levels by time:
     D:1: 982 daAuts
     D:2: 518 daAuts
     D:3: 136 daAuts
